 Dungeon Sprint DCSS version 0.21.2 (webtiles) character file.

37 Fang the Skirmisher (level 3, -4/26 HPs)
             Began as a Gargoyle Berserker on Dec 21, 2018.
             Was a Believer of Trog.
             Slain by a flying skull (12 damage)
             ... while paralysed by a floating eye
             ... in the Dungeon (Sprint VII: "The Pits").
             The game lasted 00:00:19 (266 turns).

Fang the Skirmisher (Gargoyle Berserker)             Turns: 266, Time: 00:00:20

Health: -4/26      AC:  5    Str: 21    XL:     3   Next: 41%
Magic:  3/3        EV:  2    Int:  7    God:    Trog [**....]
Gold:   0          SH:  0    Dex:  9    Spells: 2/2 levels left

rFire    . . .     SeeInvis .   j - +2 hand axe
rCold    . . .     Gourm    .   (no shield)
rNeg     + . .     Faith    .   b - +0 animal skin
rPois    ∞         Spirit   .   (no helmet)
rElec    +         Reflect  .   (no cloak)
rCorr    .         Harm     .   (no gloves)
MR       .....     NoTele   +   (no boots)
Stlth    +.........             (no amulet)
HPRegen  0.08/turn              (no ring)
MPRegen  0.08/turn              (no ring)

@: paralysed
A: negative energy resistance 1, electricity resistance, unbreathing,
petrification resistance, rot immunity, AC +3
a: Berserk, Trog's Hand, Burn Spellbooks, Renounce Religion


You were in the Dungeon.
You worshipped Trog.
Trog was pleased with you.
You were not hungry.

You visited 1 branch

Inventory:

Hand Weapons
 j - a +2 hand axe (weapon)
Armour
 b - a +0 animal skin (worn)
Scrolls
 i - a scroll of blinking
 k - 3 scrolls of remove curse
 l - a scroll of summoning
Potions
 a - 2 potions of invisibility
 d - a potion of curing
 e - a potion of heal wounds
 f - a potion of haste
 g - 4 potions of magic
 h - 3 potions of berserk rage
Comestibles
 c - 9 rations


   Skills:
 + Level 5.3 Fighting
 + Level 4.5 Axes
 + Level 3.1 Armour
 + Level 2.5 Dodging


You had 2 spell levels left.
You didn't know any spells.

Dungeon Overview and Level Annotations

Branches:
Dungeon (1/1)

Altars:


Innate Abilities, Weirdness & Mutations

You are resistant to torment.
Your stone body is resilient. (AC +3)
You are immune to poison.
You resist negative energy. (rN+)
You are resistant to electric shocks. (rElec)
You can survive without breathing.
You are immune to petrification.
You are immune to rotting.


Message History

There is an open door here.
You miss the quokka.
The floating eye turns its gaze towards you.
The orc shouts!
The quokka barely misses you. The floating eye seems to glare at you.
You closely miss the flying skull. You hit the floating eye.
You closely miss the quokka. The flying skull barely misses you.
The quokka bites you but does no damage.
The floating eye gazes piercingly through you!
You suddenly lose the ability to move!
The flying skull hits you. The quokka bites you. The flying skull hits you.
The floating eye's stare focuses on you.
The quokka completely misses you. The flying skull hits you!
The floating eye gazes piercingly through you!
You shrug off the repeated paralysis!
The quokka bites you. The flying skull hits you.
* * * LOW HITPOINT WARNING * * *
The flying skull hits you!
You die...

#.?(.')))'.##......#..#.
##########.##...........
#..........)'...........
#+#####'#####......#..#.
#..†..##...........
#####†#####'#####++
#.....##.......#
#.....##.......#
###@####.......#
#.zrG.##...<...#
.....o..##.......#
#........##.......#
###########.......#
#########


You could see a flying skull, a floating eye, an orc and a quokka.

Vanquished Creatures
  A worker ant (D)
  A gnoll (D)
  A leopard gecko (D)
  A goblin (D)
  A quokka (D)
5 creatures vanquished.

Notes
Turn   | Place    | Note
-------+----------+-------------------------------------------
     0 | D        | Fang the Gargoyle Berserker began the quest for the Orb.
     0 | D        | Reached XP level 1. HP: 14/14 MP: 1/1
   155 | D        | Reached ** piety under Trog
   155 | D        | Reached skill level 4 in Fighting
   196 | D        | Noticed a worker ant
   200 | D        | Reached XP level 2. HP: 20/20 MP: 2/2
   206 | D        | Reached skill level 5 in Fighting
   206 | D        | Reached XP level 3. HP: 22/26 MP: 3/3
   261 | D        | Noticed a floating eye
   261 | D        | Noticed a flying skull
   263 | D        | Paralysed by a floating eye for 4 turns
   266 | D        | Slain by a flying skull

Skill      XL: |  1  2 |
---------------+-------+-----
Axes           | 3 4 |  4.5
Fighting       | 4 5 |  5.3
Dodging        | 2 |  2.5
Armour         | 3 |  3.1

Action                   || total
-------------------------++-------
Melee: Hand axe          ||    23
Armor: Animal skin       ||     6
Dodge: Dodged            ||    19
